 Dungeon Crawl Stone Soup version 0.18-a0-1425-g646b864 (webtiles) character file.

48 Arkorax the Conjurer (level 3, 19/19 HPs)
             Began as a Tengu Conjurer on Feb 27, 2016.
             Quit the game on level 2 of the Dungeon.
             The game lasted 00:03:27 (1489 turns).

Arkorax the Conjurer (Tengu Conjurer)               Turns: 1489, Time: 00:03:27

Health: 19/19      AC:  2    Str:  8    XL:     3   Next: 72%
Magic:  6/7        EV: 12    Int: 16    God:
Gold:   21         SH:  0    Dex: 14    Spells: 1 memorised, 6 levels left

rFire  . . .     SeeInvis .     i - +0 whip (curse)
rCold  . . .     Gourm    +     a - +0 robe
rNeg   . . .     Faith    .     (no shield)
rPois  .         Spirit   .     (helmet restricted)
rElec  .         Dismiss  .     (no cloak)
rCorr  .         Reflect  .     (no gloves)
SustAt .         Harm     .     (boots unavailable)
MR     .....                    j - amulet of the gourmand
Stlth  ++........               (no ring)
                                k - ring of flight

@: not resistant to hostile enchantments, unstealthy
A: beak, talons 3
a: Evoke Flight


You were on level 2 of the Dungeon.
You were not hungry.

You visited 1 branch of the dungeon, and saw 2 of its levels.

You collected 21 gold pieces.

Inventory:

Hand Weapons
 i - a cursed +0 whip (weapon)
Armour
 a - a +0 robe (worn)
Jewellery
 j - an amulet of the gourmand (around neck)
 k - a ring of flight (left hand)
Scrolls
 e - a scroll of blinking {unknown}
 g - a scroll of amnesia {unknown}
 h - a scroll of recharging {unknown}
 l - a scroll of identify {unknown}
 m - 2 scrolls of remove curse {unknown}
 p - a scroll of enchant weapon {unknown}
Potions
 c - 2 potions of curing {unknown}
 d - a potion of brilliance {unknown}
 f - a potion of might {unknown}
 n - a potion of resistance {unknown}
 q - a potion of flight {unknown}
Books
 b - a book of Conjurations

   Spells                             Type                      Level
   a - Magic Dart                     Conjuration                  1
   b - Searing Ray                    Conjuration                  2
   c - Dazzling Spray                 Conjuration/Hexes            3
   d - Fulminant Prism                Conjuration/Hexes            4
   e - Iskenderun's Mystic Blast      Conjuration                  4
   f - Iskenderun's Battlesphere      Conjuration/Charms           5
Comestibles
 o - 5 fruits


   Skills:
 - Level 2.1 Dodging
 - Level 2.0 Stealth
 + Level 2.5 Spellcasting
 * Level 6.6 Conjurations


You had 6 spell levels left.
You knew the following spells:

 Your Spells              Type           Power        Failure   Level  Hunger
a - Magic Dart            Conj           ###.         1%          1    #......


Dungeon Overview and Level Annotations

Branches:
Dungeon (2/15)

Altars:


Innate Abilities, Weirdness & Mutations

You have a beak for a mouth.
You have claws for feet.


Message History

Press ? for a list of commands and other information.
Casting: Magic Dart
Confirm with . or Enter, or press ? or * to list all spells.
Aiming: Magic Dart
Press: ? - help, Shift-Dir - straight line, f - bat
Aim: a bat The magic dart hits the bat.
You kill the bat!
Casting: Magic Dart
Confirm with . or Enter, or press ? or * to list all spells.
You can't see any susceptible monsters within range! (Use Z to cast anyway.) Unknown command.
Unknown command.
Done exploring.
You spend a moment contemplating the meaning of life.
Done exploring.
Done exploring.
Done exploring.
Done exploring.
Are you sure you want to abandon this character and quit the game? (Confirm with "yes".)

##.....## #.......#
############.......#
#..........#.......#
#..........##.....##
#..........##.....##
#.)........#....(..##########
#............................
#.....>.....@.....)##########
#.........(.(...)..).########
#..........#.#...#.#.........
#<.........#.#.###.##########
#..........#..†# #..# ###
#########.###..####.#######..
#......###...............#
#......<.....###.#########
#.......##..####...##


There were no monsters in sight!

Vanquished Creatures
  An adder (D:2)
  An ooze (D:1)
  2 dart slugs (D:1)
  3 bats
  3 giant cockroaches
  4 goblins
  2 hobgoblins (D:1)
  A ball python (D:1)
  3 giant newts
  6 kobolds
  5 rats (D:1)
31 creatures vanquished.

Notes
Turn   | Place    | Note
--------------------------------------------------------------
     0 | D:1      | Arkorax the Tengu Conjurer began the quest for the Orb.
     0 | D:1      | Reached XP level 1. HP: 10/10 MP: 4/4
   167 | D:1      | Reached XP level 2. HP: 12/15 MP: 0/6
   409 | D:1      | Reached skill level 6 in Conjurations
   503 | D:1      | Reached XP level 3. HP: 19/19 MP: 0/7
  1489 | D:2      | Quit the game

Vault maps used:
D:1:      sevenhm_arrival_forest_fort_large_4, grunt_decor_fettered
D:2:      kennysheep_another_room

Skill      XL: |  1  2 |
---------------+-------+-----
Conjurations   | 6 |  6.6
Dodging        | |  2.1
Stealth        | |  2.0
Spellcasting   | |  2.5

Action                   || total
-------------------------++-------
Melee: Unarmed           ||     5
 Cast: Magic Dart        ||    60
  Eat: Bread ration      ||     1
       Chunk             ||     1
